 Dungeon Crawl Stone Soup version 0.30-a0-1163-gf69bf04e7a (webtiles) character file.

Game seed: 9016269019036648265

8 Morbidden the Digger (level 2, 24/24 HPs)
             Began as a Troll Earth Elementalist on Apr 28, 2023.
             Was a Follower of Elyvilon.
             Quit the game on level 1 of the Dungeon.
             The game lasted 00:00:38 (304 turns).

Morbidden the Digger (Troll Earth Elementalist)      Turns: 304, Time: 00:00:39

Health: 24/24      AC:  4    Str: 15    XL:     2   Next: 0%
Magic:  2/2        EV:  9    Int: 11    God:    Elyvilon [*.....]
Gold:   38         SH:  0    Dex: 10    Spells: 2/3 levels left

rFire   . . .        (no weapon)
rCold   . . .        (no shield)
rNeg    . . .        a - +0 robe
rPois   .            (helmet restricted)
rElec   .            (no cloak)
rCorr   .            (gloves unavailable)
SInv    .            (boots unavailable)
Will    .....        (no amulet)
Stlth   +            (no ring)
HPRegen 1.04/turn    (no ring)
MPRegen 0.08/turn

%: no passive effects
@: no status effects
A: large, unfitting armour, claws 3, regeneration 1, shaggy fur 1, tough skin 1
a: Renounce Religion, Purification


You were on level 1 of the Dungeon.
You worshipped Elyvilon.
Elyvilon was aware of your devotion.
You visited 1 branch of the dungeon, and saw 1 of its levels.

You collected 38 gold pieces.

Inventory:

Missiles
 c - 4 stones
Armour
 a - a +0 robe (worn)
Jewellery
 f - a ring of ice
Scrolls
 d - a scroll of poison {unknown}
Potions
 b - a potion of magic
 e - a potion of invisibility {unknown}


   Skills:
 * Level 0.2 Fighting
 * Level 1.7 Dodging
 + Level 1.0 Stealth
 * Level 0.3 Unarmed Combat
 * Level 1.2 Spellcasting
 * Level 0.6 Transmutations
 * Level 2.9 Earth Magic


You had 2 spell levels left.
You knew the following spells:

 Your Spells              Type           Power      Damage    Failure   Level
a - Sandblast             Erth           14%        2d6       10%         1

Your spell library contained the following spells:

 Spells                   Type           Power      Damage    Failure   Level
 Passwall                 Tmut/Erth      3%         N/A       22%         2
 Stone Arrow              Conj/Erth      6%         3d7       45%         3
 Petrify                  Tmut/Erth      4%         N/A       83%         4


Dungeon Overview and Level Annotations

Branches:
Dungeon (1/15)

Altars:
Elyvilon


Innate Abilities, Weirdness & Mutations

You are too large for most types of armour.
You have claws for hands.
Your natural rate of healing is unusually fast.
You are covered in fur. (AC +1)
You have tough skin. (AC +1)


Message History

No target in view!
No target in view!
No target in view!
No target in view!
No target in view!
No target in view!
No target in view!
No target in view!
No target in view!
No target in view!
No target in view!
No target in view!
A ball python comes into view.
The ball python hisses angrily.
A ball python is nearby!
You scratch the ball python.
The ball python is severely wounded.
The ball python barely misses you.
You closely miss the ball python.
The ball python is severely wounded.
The ball python misses you.
You scratch the ball python.
You kill the ball python!
You have reached level 2!
e - a metallic puce potion You now have 38 gold pieces (gained 16).
You see here a hobgoblin corpse.
Found a club.
There is a faded altar of an unknown god here.
This altar belongs to (a) Cheibriados, (b) Elyvilon or (c) Ashenzari, but you can't tell which.
Press the corresponding letter to learn more about a god, or press enter to convert or escape to cancel.
Okay, then.
f - a ring of ice
There is a faded altar of an unknown god here.
This altar belongs to (a) Cheibriados, (b) Elyvilon or (c) Ashenzari, but you can't tell which.
Press the corresponding letter to learn more about a god, or press enter to convert or escape to cancel.
Elyvilon accepts your prayer! Elyvilon welcomes you!
You can now purify yourself.
Unknown command.
Press < or > to pray at altars.
Are you sure you want to abandon this character and quit the game? (Confirm with "yes".)

#.##########.#.#.# #.#
#..............#.# #.#
.................# #.#
###....#####...#.# #.#
#.........†..#.# #.#
#.##.#####..##.###.#####
........................#
###.########.###.###.#####
# #.######..†...@....# #
#..................#
###.####.###.##..###)#
..............#..# #.#
#.#.##...###.##..###.#
...>.................. ..
....###.####.##..###.##.#
#.#####.####.##..# #.##.#
.................# #.##.#


There were no monsters in sight!

Vanquished Creatures
  A bat (D:1)
  An endoplasm (D:1)
  2 hobgoblins (D:1)
  3 ball pythons (D:1)
  A rat (D:1)
8 creatures vanquished.

Notes
Turn   | Place    | Note
-------+----------+-------------------------------------------
     0 | D:1      | Morbidden the Troll Earth Elementalist began the quest for
                  | the Orb.
     0 | D:1      | Reached XP level 1. HP: 16/16 MP: 1/1
   195 | D:1      | Found a faded altar of an unknown god.
   216 | D:1      | Reached XP level 2. HP: 24/24 MP: 2/2
   303 | D:1      | Prayed at the altar of an unknown god.
   303 | D:1      | Became a worshipper of Elyvilon the Healer
   303 | D:1      | Reached * piety under Elyvilon
   304 | D:1      | Quit the game

Illustrated notes

Levels and vault maps discovered:
D:1:      eino_arrival_cavern_a, layout_basic, basic_ecumenical_altar

Action                     || total
---------------------------++-------
  Melee: Unarmed           ||    16
   Stab: Sleeping          ||     1
 Armour: Robe              ||     5
  Dodge: Dodged            ||     6

Table legend: (Time is in decaauts)
 A = Elapsed time spent in this place.
 B = Non-inter-level travel time spent in this place.
 C = Inter-level travel time spent in this place.
 D = Time resting spent in this place.
 E = Time spent auto-exploring this place.
 F = Levels seen in this place.
 G = Mean time per level.
                   A        B        C        D        E       F      G
               +--------+--------+--------+--------+--------+-----+--------+
         Total |    304 |    274 |     30 |      0 |    204 |   1 |  304.0 |
       Dungeon |    304 |    274 |     30 |      0 |    204 |   1 |  304.0 |
               +--------+--------+--------+--------+--------+-----+--------+

Top non-repeatable levels by time:
     D:1: 304 daAuts
